 Dungeon Crawl Stone Soup version 0.23-a0-484-g29ba69c (webtiles) character file.

2078 MisterFreud the Grappler (level 9, -6/79 HPs)
             Began as a Troll Hunter on Nov 30, 2018.
             Was a Follower of Ru.
             Killed by divine providence
             ... invoked by an orc priest
              (15 damage)
             ... on level 7 of the Dungeon.
             The game lasted 00:12:30 (5186 turns).

MisterFreud the Grappler (Troll Hunter)             Turns: 5186, Time: 00:12:31

Health: -6/79      AC:  6    Str: 25    XL:     9   Next: 6%
Magic:  17/17      EV: 12    Int:  7    God:    Ru [*.....]
Gold:   299        SH:  0    Dex: 10    Spells: 8/8 levels left

rFire    . . .     SeeInvis .     - Unarmed
rCold    . . .     Gourm    +   (no shield)
rNeg     . . .     Faith    .   b - +0 robe
rPois    +         Spirit   .   (helmet restricted)
rElec    .         Reflect  .   j - +0 cloak
rCorr    .         Harm     .   (gloves unavailable)
MR       .....                  (boots unavailable)
Stlth    +.........             (no amulet)
HPRegen  0.63/turn              t - ring of magical power
MPRegen  0.15/turn              i - ring of poison resistance

@: no potions
A: large, unfitting armour, claws 3, fast metabolism 3, gourmand, regeneration
1, shaggy fur 1, tough skin 2, inability to drink while threatened
a: Renounce Religion


You were on level 7 of the Dungeon.
You worshipped Ru.
Ru was aware of your devotion.
You were not hungry.

You visited 2 branches of the dungeon, and saw 8 of its levels.
You also visited: Ossuary.

You collected 299 gold pieces.

Inventory:

Missiles
 a - 140 stones
 c - 5 large rocks (quivered)
 d - 2 throwing nets
 e - 6 needles of confusion
 l - 21 poisoned needles
 r - 6 curare-tipped needles
 v - 7 javelins
Armour
 b - a +0 robe (worn)
 j - a +0 cloak (worn)
Jewellery
 i - a ring of poison resistance (right claw)
 t - a ring of magical power (left claw)
 u - an uncursed ring of protection from magic
Wands
 s - a wand of iceblast (9)
Scrolls
 h - 6 scrolls of teleportation
 k - 4 scrolls of remove curse
 n - 2 scrolls of magic mapping
 q - a scroll of identify
Potions
 g - a potion of might
 m - a potion of cancellation {unknown}
 o - 2 potions of heal wounds
 p - 4 potions of flight
 w - a potion of brilliance {unknown}
 x - 4 potions of lignification
 z - 3 potions of curing
 B - a potion of magic {unknown}
 C - a potion of haste {unknown}
Comestibles
 f - 15 rations


   Skills:
 + Level 1.8 Fighting
 - Level 6.0 Throwing
 - Level 6.0 Dodging
 - Level 0.3 Stealth
 - Level 8.0 Unarmed Combat


You had 8 spell levels left.
You didn't know any spells.
Your spell library contained the following spells:

 Spells                   Type           Power        Failure   Level  Hunger
 Animate Skeleton         Necr           N/A          43%         1    ##.....
 Apportation              Tloc           #.....       43%         1    ##.....
 Confusing Touch          Hex            #.....       43%         1    ##.....
 Magic Dart               Conj           #...         43%         1    ##.....
 Summon Small Mammal      Summ           #...         43%         1    ##.....
 Blink                    Tloc           N/A          56%         2    ###....
 Call Imp                 Summ           #.......     56%         2    ###....
 Slow                     Hex            #.......     56%         2    ###....
 Conjure Flame            Conj/Fire      #.......     80%         3    ####...
 Mephitic Cloud           Conj/Pois/Air  #.......     80%         3    ####...


Dungeon Overview and Level Annotations

Branches:
Dungeon (7/15)             Temple (1/1) D:4

Altars:
Ashenzari
Cheibriados
Dithmenos
Elyvilon
Fedhas
Gozag
Makhleb
Nemelex Xobeh
Okawaru
Qazlal
Ru
Trog
Uskayaw
Vehumet
Xom
Yredelemnul
Zin
The Shining One


Innate Abilities, Weirdness & Mutations

You are too large for most types of armour.
You have claws for hands.
Your metabolism is lightning-fast.
You like to eat raw meat.
Your natural rate of healing is unusually fast.
You are covered in fur. (AC +1)
You have very tough skin. (AC +2)
You cannot drink potions while threatened.


Message History

The orc misses you.
The orc priest hits you but does no damage.
The orc wizard misses you.
You closely miss the orc priest. Something hits you.
* * * LOW HITPOINT WARNING * * *
Something shocks you.
* * * LOW HITPOINT WARNING * * *
The orc barely misses you.
The orc priest begins to pray, but is stunned by your will!
The orc wizard barely misses you.
You claw the orc priest!
The orc priest is severely wounded.
Something hits you.
* * * LOW HITPOINT WARNING * * *
Something shocks you.
* * * LOW HITPOINT WARNING * * *
The orc misses you.
The orc priest invokes the aid of Beogh against you.
Beogh smites you!
You die...

..........)..#
......>.....#
...........#
.........#
.........#
#........#
####....o###
###..o{.##
#...@o.##
##.......#
#........##
#.........#
#.........##
#..........#
#..........#
#..........# .
#..........#


You could see an orc priest, an orc wizard and an orc.

Vanquished Creatures
  Sigmund (D:6)
  Menkaure (D:4)
  2 ice beasts (D:6)
  A sky beast (D:6)
  2 phantoms
  A centaur (D:3)
  Blork the orc (D:6)
  A howler monkey (D:5)
  4 wights (D:6)
  2 electric eels (D:6)
  A crimson imp (D:4)
  A centaur zombie (Ossuary)
  2 human zombies (Ossuary)
  2 jellies
  Crazy Yiuf (D:5)
  2 iguanas
  2 orc wizards (D:6)
  Natasha (thrice) (D:2)
  Terence (D:2)
  4 worker ants
  A killer bee zombie (D:6)
  2 big kobold zombies (Ossuary)
  4 mummies (Ossuary)
  A hound skeleton (D:6)
  Robin (D:2)
  A worker ant zombie (D:5)
  7 gnolls
  A howler monkey skeleton (D:4)
  5 adders
  A shadow imp (D:5)
  An ooze (D:5)
  2 adder zombies
  An adder skeleton (D:4)
  5 worms
  3 dart slugs
  4 leopard geckos
  7 orcs
  4 giant cockroaches
  12 goblins
  7 hobgoblins
  15 jackals
  16 kobolds
  2 quokkas (D:5)
  A ball python (D:2)
  A ball python skeleton (D:6)
  5 bats
  7 frilled lizards
  A giant cockroach zombie (D:5)
  A gnoll zombie (Ossuary)
  A goblin zombie (Ossuary)
  A leopard gecko zombie (D:5)
  An orc zombie (Ossuary)
  11 rats
168 creatures vanquished.

Notes
Turn   | Place    | Note
-------+----------+-------------------------------------------
     0 | D:1      | MisterFreud the Troll Hunter began the quest for the Orb.
     0 | D:1      | Reached XP level 1. HP: 19/19 MP: 0/0
    33 | D:1      | Reached skill level 1 in Unarmed Combat
    68 | D:1      | Reached XP level 2. HP: 27/27 MP: 1/1
   191 | D:1      | Reached skill level 2 in Unarmed Combat
   454 | D:1      | Reached XP level 3. HP: 33/33 MP: 2/2
   510 | D:1      | Found a sparkling altar of Nemelex Xobeh.
   548 | D:2      | Reached skill level 3 in Unarmed Combat
   826 | D:2      | Reached XP level 4. HP: 41/41 MP: 3/3
   855 | D:2      | Noticed Terence
   869 | D:2      | Killed Terence
   869 | D:2      | Reached skill level 4 in Unarmed Combat
   889 | D:2      | Noticed Natasha
   892 | D:2      | Killed Natasha
   959 | D:2      | Noticed Natasha
   969 | D:2      | Killed Natasha
   969 | D:2      | Reached XP level 5. HP: 25/48 MP: 4/4
  1083 | D:2      | Noticed Natasha
  1087 | D:2      | Killed Natasha
  1087 | D:2      | Reached skill level 5 in Unarmed Combat
  1218 | D:2      | Noticed Robin
  1222 | D:2      | Killed Robin
  1419 | D:3      | Noticed a centaur
  1427 | D:3      | Killed a centaur
  1427 | D:3      | Reached skill level 6 in Unarmed Combat
  1427 | D:3      | Reached XP level 6. HP: 30/55 MP: 5/5
  1458 | D:3      | Found a hide-covered altar of Uskayaw.
  1702 | D:3      | Found a shadowy altar of Dithmenos.
  1748 | D:3      | Found a shattered altar of Ashenzari.
  2405 | D:4      | Found a staircase to the Ecumenical Temple.
  2421 | Temple   | Entered the Ecumenical Temple
  2623 | Temple   | Became a worshipper of Ru the Awakened
  2706 | D:4      | Noticed Menkaure
  2715 | D:4      | Killed Menkaure
  2715 | D:4      | Reached skill level 7 in Unarmed Combat
  2715 | D:4      | Reached XP level 7. HP: 28/62 MP: 6/6
  3014 | D:5      | Entered Level 5 of the Dungeon
  3135 | D:4      | Reached skill level 8 in Unarmed Combat
  3216 | D:5      | Found a sand-covered staircase.
  3228 | Ossuary  | Entered an ossuary
  3485 | Ossuary  | Reached XP level 8. HP: 67/70 MP: 7/7
  3537 | D:5      | Found a shattered altar of Ashenzari.
  3692 | D:5      | Gained mutation: You cannot drink potions while threatened.
                  | [Ru sacrifice]
  3692 | D:5      | Reached * piety under Ru
  3948 | D:5      | Found a runed door.
  4016 | D:5      | Noticed a moth of wrath
  4038 | D:5      | Found a bloodstained altar of Trog.
  4189 | D:5      | Noticed Crazy Yiuf
  4194 | D:5      | Paralysed by Crazy Yiuf for 4 turns
  4200 | D:5      | Killed Crazy Yiuf
  4269 | D:6      | Reached skill level 5 in Throwing
  4425 | D:6      | Noticed Sigmund
  4434 | D:6      | Killed Sigmund
  4656 | D:6      | Reached skill level 5 in Dodging
  4759 | D:6      | Noticed Blork the orc
  4764 | D:6      | Killed Blork the orc
  4861 | D:6      | Reached XP level 9. HP: 66/76 MP: 8/8
  5137 | D:7      | Found a white marble altar of Elyvilon.
  5186 | D:7      | Killed from afar by an orc priest

Vault maps used:
D:1:      lemuel_arrival_hallway, hangedman_decor_growths,
          nemelex_diamond_rough_becter
D:2:      minmay_chambers_of_ones, uniq_terence, uniq_natasha, uniq_robin
D:3:      ashenzari_conservatory_becter, nicolae_dithmenos_shadow_blocks,
          eat_drink_and_be_merry_uskayaw, minmay_goblin_kobold_house
D:4:      minmay_temple_entry_arrows, first_ration,
          hangedman_abyss_or_decor_passed, uniq_menkaure
D:5:      tgw_trog, enter_ossuary_1, grunt_ministairs_13,
          nicolae_ashenzari_panopticon, uniq_crazy_yiuf_cottage
D:6:      kennysheep_cluttered_room, uniq_sigmund, uniq_blork_the_orc
D:7:      gammafunk_temple_overflow_arena, lemuel_crystal_altar,
          gammafunk_temple_overflow_forgotten, hellmonk_ghost_happy_afterlife
Temple:   nicolae_temple_figure_eight
Ossuary:  ossuary_crypta

Skill      XL: |  1  2  3  4  5  6  7  8  9 |
---------------+----------------------------+-----
Unarmed Combat | 1 2 3 4 6 7 8 |  8.0
Throwing       | 4 6 |  6.0
Dodging        | 3 5 6 |  6.0
Fighting       | |  1.8
Stealth        | |  0.3

Action                   |  1- 3 |  4- 6 |  7- 9 || total
-------------------------+-------+-------+-------++-------
Melee: Unarmed           |   117 |   127 |   259 ||   503
       Punch             |     1 |     2 |     7 ||    10
Invok: Sacrifice Drink   |       |       |     1 ||     1
  Use: Scroll            |       |       |    13 ||    13
 Stab: Sleeping          |     1 |       |       ||     1
  Eat: Chunk             |    13 |     9 |    17 ||    39
       Ration            |       |       |     2 ||     2
Armor: Robe              |    64 |    22 |    55 ||   141
Dodge: Dodged            |    67 |    67 |    94 ||   228

Table legend:
 A = Non-vault XP
 B = Vault XP
 C = Vault XP percentage of total XP
 D = Non-vault monster count
 E = Vault monster count
 F = Vault count percentage of total count
                 A         B        C        D         E       F
            +---------+---------+-------+---------+---------+-------
      Total |    1955 |    1014 |  34.2 |     126 |      42 |  25.0
            +---------+---------+-------+---------+---------+-------
        D:1 |      49 |       0 |   0.0 |      28 |       0 |   0.0
        D:2 |     138 |     113 |  45.0 |      26 |      12 |  31.6
        D:3 |     148 |       9 |   5.7 |      18 |       7 |  28.0
        D:4 |     230 |     219 |  48.8 |       6 |       2 |  25.0
        D:5 |     312 |     108 |  25.7 |      18 |       7 |  28.0
        D:6 |    1022 |     306 |  23.0 |      26 |       2 |   7.1
        D:7 |      56 |       0 |   0.0 |       4 |       0 |   0.0
    Ossuary |       0 |     259 | 100.0 |       0 |      12 | 100.0
            +---------+---------+-------+---------+---------+-------
